 Dungeon Crawl Stone Soup version 0.21.1-1-g345015f (webtiles) character file.

147 Swet the Magician (level 5, -2/28 HPs)
             Began as a Deep Elf Fire Elementalist on July 14, 2018.
             Slain by a gnoll
             ... wielding a +0 flail
              (9 damage)
             ... on level 3 of the Dungeon.
             The game lasted 00:34:00 (2607 turns).

Swet the Magician (Deep Elf Fire Elementalist)      Turns: 2607, Time: 00:34:02

Health: -2/28      AC:  3    Str:  5    XL:     5   Next: 8%
Magic:  7/14       EV: 13    Int: 21    God:
Gold:   122        SH:  0    Dex: 15    Spells: 7/13 levels left

rFire    . . .     SeeInvis .   e - +0 dagger
rCold    . . .     Gourm    .   (no shield)
rNeg     . . .     Faith    +   a - +1 robe
rPois    .         Spirit   .   (no helmet)
rElec    .         Reflect  .   (no cloak)
rCorr    .         Harm     .   (no gloves)
MR       .....                  (no boots)
Stlth    +++.......             i - amulet of faith
HPRegen  0.09/turn              g - ring of stealth
MPRegen  0.14/turn              (no ring)

@: drained
A: no striking features
a: no special abilities


You were on level 3 of the Dungeon.
You were not hungry.

You visited 1 branch of the dungeon, and saw 3 of its levels.

You collected 122 gold pieces.

Inventory:

Hand Weapons
 e - a +0 dagger (weapon)
Armour
 a - a +1 robe (worn)
Jewellery
 g - a ring of stealth (left hand)
 i - an amulet of faith (around neck)
Scrolls
 d - a scroll of amnesia
 h - 2 scrolls of enchant armour
 k - a scroll of noise
 l - 2 scrolls of teleportation {unknown}
 o - a scroll of identify
 p - a scroll of remove curse {unknown}
Potions
 j - a potion of might
 n - a potion of cancellation {unknown}
Books
 b - a book of Flames

   Spells                             Type                      Level
   a - Flame Tongue                   Conjuration/Fire             1
   b - Throw Flame                    Conjuration/Fire             2
   c - Conjure Flame                  Conjuration/Fire             3
   d - Inner Flame                    Hexes/Fire                   3
   e - Sticky Flame                   Conjuration/Fire             4
   f - Fireball                       Conjuration/Fire             5
Comestibles
 c - 2 rations
 m - 2 chunks of flesh


   Skills:
 + Level 3.2(2.9) Dodging
 - Level 2.6(2.4) Stealth
 * Level 4.8(4.5) Spellcasting
 + Level 2.2(1.9) Conjurations
 + Level 4.5(4.2) Fire Magic


You had 7 spell levels left.
You knew the following spells:

 Your Spells              Type           Power        Failure   Level  Hunger
a - Flame Tongue          Conj/Fire      ###..        3%          1    None
b - Throw Flame           Conj/Fire      ###...       4%          2    #......
c - Conjure Flame         Conj/Fire      ###.....     10%         3    ##.....


Dungeon Overview and Level Annotations

Branches:
Dungeon (3/15)

Altars:


Message History

Confirm with . or Enter, or press ? or * to list all spells.
Aiming: Flame Tongue
Press: ? - help, Shift-Dir - straight line, f/p - gnoll
Aim: a gnoll, wielding a whip (almost dead)
The flame tongue hits the gnoll.
You kill the gnoll!
Casting: Flame Tongue
Confirm with . or Enter, or press ? or * to list all spells.
Aiming: Flame Tongue
Press: ? - help, Shift-Dir - straight line, f - gnoll
Aim: a gnoll, wielding a flail The flame tongue hits the gnoll.
The gnoll is lightly wounded.
The gnoll hits you with a flail.
The wight hits you with an enchanted short sword!
* * * LOW HITPOINT WARNING * * *
You feel drained.
* * * LOW HITPOINT WARNING * * *
You feel better. The gnoll hits you with a flail!
You die...

### # [.
..#######.#
........
#.##.)...
#.......#
#g# #@# #z#
#.# ..# ..(
...# .#.#
.##.#


You could see a wight and a gnoll.

Vanquished Creatures
  A howler monkey (D:1)
  Robin (D:2)
  2 gnolls (D:3)
  2 adders
  2 worms (D:2)
  2 dart slugs
  A leopard gecko (D:1)
  5 bats
  3 giant cockroaches
  13 goblins
  4 hobgoblins
  4 jackals (D:1)
  3 frilled lizards
  7 kobolds
  3 rats
53 creatures vanquished.

Notes
Turn   | Place    | Note
-------+----------+-------------------------------------------
     0 | D:1      | Swet the Deep Elf Fire Elementalist began the quest for the Orb.
     0 | D:1      | Reached XP level 1. HP: 10/10 MP: 6/6
   488 | D:1      | Reached XP level 2. HP: 15/15 MP: 5/8
   502 | D:1      | Learned a level 2 spell: Throw Flame
  1040 | D:2      | Noticed a howler monkey
  1057 | D:1      | Killed a howler monkey
  1057 | D:1      | Reached XP level 3. HP: 13/19 MP: 0/10
  1388 | D:2      | Noticed Robin
  1397 | D:2      | Reached XP level 4. HP: 14/24 MP: 10/12
  1405 | D:2      | Killed Robin
  2140 | D:2      | Learned a level 3 spell: Conjure Flame
  2602 | D:3      | Reached XP level 5. HP: 10/28 MP: 10/14
  2606 | D:3      | HP: 1/28 [wight/enchanted short sword (2)]
  2607 | D:3      | Slain by a gnoll

Skill      XL: |  1  2  3  4 |
---------------+-------------+-----
Fire Magic     | 4 |  4.5
Spellcasting   | 4 |  4.8
Dodging        | 3 |  3.2
Conjurations   | 2 |  2.2
Stealth        | |  2.6

Action                   |  1- 3 |  4- 6 || total
-------------------------+-------+-------++-------
Melee: Unarmed           |     8 |       ||     8
       Dagger            |     6 |    33 ||    39
 Cast: Flame Tongue      |    16 |    29 ||    45
       Throw Flame       |    22 |    13 ||    35
       Conjure Flame     |       |     3 ||     3
  Use: Potion            |     1 |     1 ||     2
       Scroll            |     4 |       ||     4
 Stab: Sleeping          |       |     3 ||     3
  Eat: Chunk             |     2 |     4 ||     6
Armor: Robe              |     7 |     7 ||    14
Dodge: Dodged            |    31 |    54 ||    85
